 Dungeon Crawl Stone Soup version 0.29-a0-550-g81e455f4c2 (webtiles) character file.

Game seed: 18136748307729305861

25 MirrMurr the Poker (level 2, 0/22 HPs)
             Began as a Demonspawn Gladiator on May 9, 2022.
             Slain by an endoplasm (3 damage)
             ... on level 1 of the Dungeon on June 5, 2022.
             The game lasted 00:01:48 (694 turns).

MirrMurr the Poker (Demonspawn Gladiator)            Turns: 694, Time: 00:01:48

Health: 0/22       AC:  4    Str: 14    XL:     2   Next: 86%
Magic:  2/2        EV: 12    Int:  9    God:
Gold:   47         SH:  4    Dex: 14    Spells: 1/1 levels left

rFire   . . .      SeeInvis .   a - +0 trident
rCold   . . .      Faith    .   (no shield)
rNeg    . . .      Spirit   .   b - +0 leather armour
rPois   .          Reflect  .   c - +0 helmet
rElec   .          Harm     .   (no cloak)
rCorr   .          Rampage  .   (no gloves)
Will    .....                   (no boots)
Stlth   +.........              (no amulet)
HPRegen 0.07/turn               (no ring)
MPRegen 0.08/turn               (no ring)

@: no status effects
A: condensation shield
a: no special abilities


You were on level 1 of the Dungeon.
You visited 1 branch of the dungeon, and saw 1 of its levels.

You collected 47 gold pieces.

Inventory:

Hand Weapons
 a - a +0 trident (weapon)
Missiles
 d - 2 throwing nets
 e - a javelin
 j - 16 stones (quivered)
Armour
 b - a +0 leather armour (worn)
 c - a +0 helmet (worn)
Scrolls
 g - a scroll of teleportation {unknown}
 i - 2 scrolls of identify {unknown}
Potions
 f - a potion of haste {unknown}
 h - a potion of brilliance {unknown}


   Skills:
 + Level 2.2 Fighting
 * Level 3.1 Polearms
 + Level 2.0 Throwing
 + Level 0.7 Armour
 + Level 2.9 Dodging


You had one spell level left.
You didn't know any spells.
Your spell library contained the following spells:

 Spells                   Type           Power      Damage    Failure   Level
 Shock                    Conj/Air       0%         1d3       45%         1
 Confusing Touch          Hex            0%         N/A       83%         3
 Swiftness                Air            0%         N/A       83%         3
 Airstrike                Air            0%         N/A       99%         4
 Yara's Violent Unravell  Hex/Tmut       0%         3d3       100%        5
 Enfeeble                 Hex            0%         N/A       100%        7


Dungeon Overview and Level Annotations

Branches:
Dungeon (1/15)

Altars:


Innate Abilities, Weirdness & Mutations

A meltable shield of frost defends you. (SH +4)


Message History

The endoplasm quivers.
You hit the endoplasm.
The endoplasm is moderately wounded.
The endoplasm closely misses you.
You puncture the endoplasm!
You kill the endoplasm!
The ball python bites you. You block the ball python's attack.
You hit the ball python but do no damage.
The ball python barely misses you. The ball python misses you.
The endoplasm jiggles.
You completely miss the ball python.
The ball python bites you but does no damage.
You block the ball python's attack. The ball python bites you.
The ball python closely misses you.
You hit the endoplasm but do no damage. The endoplasm hits you.
The ball python bites you. The ball python closely misses you.
You hit the endoplasm.
The endoplasm is lightly wounded.
The ball python bites you. The ball python grabs you.
The ball python constricts you.
The endoplasm hits you but does no damage.
You hit the ball python.
You kill the ball python!
The endoplasm freezes you.
You are frozen.
You are too injured to fight recklessly!
You are too injured to fight recklessly!
You are too injured to fight recklessly!
You are too injured to fight recklessly!
You are too injured to fight recklessly!
You hit the endoplasm.
The endoplasm is moderately wounded.
The endoplasm freezes you.
You are frozen.
* * * LOW HITPOINT WARNING * * *
The endoplasm freezes you.
You are frozen.
* * * LOW HITPOINT WARNING * * *
The endoplasm attacks as you move away! The endoplasm hits you.
You die...

...........................######
...######........#.####...##
.....# #...######.# #...# .....#
##..#....#.# #...# .......
#..#......# #...# ........
#.........####...# ........
#................# ....###
#.........#####...# ......
#...##+#@..#### ...... .....+
#J.....+ ...#..#.....# #.†.####
...#..#..#### #...# #.. #.....
#..#### #... #.## ..#


You could see an endoplasm.

Vanquished Creatures
  4 dart slugs (D:1)
  3 ball pythons (D:1)
  3 endoplasms (D:1)
  A hobgoblin (D:1)
  A quokka (D:1)
  2 bats (D:1)
  A frilled lizard (D:1)
  A goblin (D:1)
  2 rats (D:1)
18 creatures vanquished.

Notes
Turn   | Place    | Note
-------+----------+-------------------------------------------
     0 | D:1      | MirrMurr the Demonspawn Gladiator began the quest for the
                  | Orb.
     0 | D:1      | Reached XP level 1. HP: 16/16 MP: 1/1
     0 | D:1      | Upgraded the game from 0.29-a0-393-g47a863cc1b to
                  | 0.29-a0-550-g81e455f4c2
   361 | D:1      | Gained mutation: A meltable shield of frost defends you.
                  | (SH +4) [demonic ancestry]
   361 | D:1      | Reached XP level 2. HP: 20/22 MP: 2/2
   412 | D:1      | Reached skill level 3 in Polearms
   571 | D:1      | Found a faded altar of an unknown god.
   694 | D:1      | Slain by an endoplasm

Illustrated notes

Levels and vault maps discovered:
D:1:      minmay_arrival_wavy_path, layout_basic, basic_ecumenical_altar,
          wad_floor_pattern_1, st_stairs_9

Skill      XL: |  1  2 |
---------------+-------+-----
Polearms       | 3 |  3.1
Throwing       | 2 |  2.0
Fighting       | |  2.2
Armour         | |  0.7
Dodging        | |  2.9

Action                   || total
-------------------------++-------
Melee: Trident           ||    53
Throw: Throwing net      ||     3
 Stab: Sleeping          ||     1
Armor: Leather armour    ||    12
Dodge: Dodged            ||    17
Block: Other             ||     5

Table legend: (Time is in decaauts)
 A = Elapsed time spent in this place.
 B = Non-inter-level travel time spent in this place.
 C = Inter-level travel time spent in this place.
 D = Time resting spent in this place.
 E = Time spent auto-exploring this place.
 F = Levels seen in this place.
 G = Mean time per level.
                   A        B        C        D        E       F      G
               +--------+--------+--------+--------+--------+-----+--------+
         Total |    702 |    702 |      0 |      0 |    568 |   1 |  702.0 |
       Dungeon |    702 |    702 |      0 |      0 |    568 |   1 |  702.0 |
               +--------+--------+--------+--------+--------+-----+--------+

Top non-repeatable levels by time:
     D:1: 702 daAuts
